 Dungeon Crawl Stone Soup version 0.26.0-3-g156281e41b (webtiles) character file.

Game seed: 17722293046201075401

152 tolidin the Ruffian (level 5, 0/46 HPs)
             Began as a Ghoul Monk on Jan 9, 2021.
             Slain by an iguana (7 damage)
             ... on level 3 of the Dungeon.
             The game lasted 00:21:09 (3383 turns).

tolidin the Ruffian (Ghoul Monk)                    Turns: 3383, Time: 00:21:10

Health: 0/46       AC:  7    Str: 15    XL:     5   Next: 34%
Magic:  4/4        EV: 14    Int:  5    God:
Gold:   65         SH:  0    Dex: 12    Spells: 4/4 levels left

rFire    . . .     SeeInvis .     - Unarmed
rCold    + . .     Faith    .   (no shield)
rNeg     + + +     Spirit   .   a - +1 robe
rPois    ∞         Reflect  .   (no helmet)
rElec    .         Harm     .   (no cloak)
rCorr    .         Rampage  .   (no gloves)
Will     .....                  (no boots)
Stlth    ++........             o - amulet of inaccuracy (curse)
HPRegen  0.00/turn              b - +4 ring of protection
MPRegen  0.09/turn              (no ring)

@: no status effects
A: claws 1, cold resistance 1, negative energy resistance 3, inhibited
regeneration, torment resistance, unbreathing
a: no special abilities


You were on level 3 of the Dungeon.
You visited 1 branch of the dungeon, and saw 4 of its levels.

You collected 65 gold pieces.

Inventory:

Armour
 a - a +1 robe (worn)
 d - a +2 helmet
 i - a cursed +0 leather armour
 j - a +0 helmet
Jewellery
 b - a +4 ring of protection (left claw)
 o - a cursed amulet of inaccuracy (around neck)
Scrolls
 e - 2 scrolls of fear
 f - 4 scrolls of identify
 g - a scroll of remove curse
Potions
 c - a potion of lignification
 h - a potion of attraction
 k - a potion of flight {unknown}
 m - a potion of brilliance {unknown}
 n - a potion of invisibility {unknown}


   Skills:
 + Level 3.7 Fighting
 + Level 4.2 Dodging
 * Level 2.6 Stealth
 + Level 4.4 Unarmed Combat
 + Level 0.0 Invocations


You had 4 spell levels left.
You didn't know any spells.
Your spell library contained the following spells:

 Spells                   Type           Power        Failure   Level
 Apportation              Tloc           0%           47%         1
 Lesser Beckoning         Tloc           0%           85%         3
 Tukima's Dance           Hex            0%           85%         3
 Alistair's Intoxication  Tmut/Pois      0%           100%        5
 Invisibility             Hex            0%           100%        6


Dungeon Overview and Level Annotations

Branches:
Dungeon (4/15)
 Temple: D:4-7

Altars:


Innate Abilities, Weirdness & Mutations

You thrive by killing the living.
You are immune to poison.
You have sharp fingernails.
Your flesh is cold resistant. (rC+)
You are immune to negative energy. (rN+++)
You do not regenerate when monsters are visible.
You are immune to unholy pain and torment.
You can survive without breathing.


Message History

The iguana barely misses you.
You scratch the iguana but do no damage.
The iguana is severely wounded.
The iguana misses you.
You scratch the iguana.
The iguana is severely wounded.
The iguana bites you.
You scratch the iguana.
The iguana is almost dead.
The iguana bites you but does no damage.
You scratch the iguana but do no damage.
The iguana is almost dead.
The iguana bites you!
* * * LOW HITPOINT WARNING * * *
You barely miss the iguana. You claw the iguana, but do no damage.
The iguana is almost dead.
The iguana closely misses you.
You feel better. The iguana completely misses you. The iguana bites you!
You die...

#.# #.##.#
########### #.#
#.##.# ..........#
#.# #.##.#
#########.# #.#
###.##.# .....# #.#
#.# ##.#.##.# ####.#
#.# #.######....##.#
#.# #.#
#.##...........# #.#
#.###.##.####.######
#.####.#.$.##@# #.#
#..........gl.# #.#
########..##### #.#
#..# #.# ##### #.>#
#.# #...# #..# #.#
....# #..########.#
#...# #...........#
##.## #.###########


You could see an iguana and a gnoll.

Vanquished Creatures
  Robin (D:2)
  5 adders
  2 worms (D:3)
  3 dart slugs
  A leopard gecko (D:2)
  An orc (D:3)
  A ball python (D:3)
  6 giant cockroaches
  16 goblins
  10 hobgoblins
  13 bats
  7 frilled lizards
  6 kobolds
  12 rats
84 creatures vanquished.

Notes
Turn   | Place    | Note
-------+----------+-------------------------------------------
     0 | D:1      | tolidin the Ghoul Monk began the quest for the Orb.
     0 | D:1      | Reached XP level 1. HP: 19/19 MP: 0/0
   150 | D:1      | Reached XP level 2. HP: 24/26 MP: 1/1
   529 | D:1      | Reached XP level 3. HP: 31/31 MP: 2/2
  1131 | D:2      | Noticed Robin
  1432 | D:2      | Reached XP level 4. HP: 39/39 MP: 3/3
  2002 | D:2      | Killed Robin
  2003 | D:2      | Reached XP level 5. HP: 22/46 MP: 4/4
  3380 | D:3      | HP: 1/46 [iguana (14)]
  3383 | D:3      | Slain by an iguana

Illustrated notes

Levels and vault maps discovered:
D:1:      dpeg_arrival_tiny_f, layout_loops_corners
D:2:      layout_basic, uniq_robin
D:3:      layout_loops_ring
D:4:      layout_gridville, serial_shops, nicolae_shop_trees, st_stairs_9,
          okawaru_metal_pillars_1_2, uniq_crazy_yiuf_cottage, uniq_grinder

Skill      XL: |  1  2  3  4 |
---------------+-------------+-----
Dodging        | 3 4 |  4.2
Unarmed Combat | 4 |  4.4
Fighting       | |  3.7
Stealth        | |  2.6

Action                   |  1- 3 |  4- 6 || total
-------------------------+-------+-------++-------
Melee: Unarmed           |   125 |   131 ||   256
       Punch             |     2 |     4 ||     6
  Use: Scroll            |     8 |     4 ||    12
       Potion            |       |     1 ||     1
 Stab: Sleeping          |     3 |     3 ||     6
Armor: Robe              |    92 |    50 ||   142
Dodge: Dodged            |   179 |   138 ||   317
